AoeStats
← Fs.Black_

Lombardia

507402957Analyzed
4v4 RM · 13d ago on Sep 18, 2026· 61m 6s· 8 players
Game mode
Random Map
Map size
Large (8 player)
Population
200
Speed
Normal
Resources
Standard
Victory
Conquest
Starting age
Dark Age
Ending age
Imperial Age
RankedLock teamsTeams togetherTeam positionsShared explorationLock speedFull tech treeHidden civsTurbo modeCheats
Victory
Defeat
🇲🇽 Gurjaras · Mexico
1586
+16
🇨🇳 Magyars · China
1566
+17
🇲🇽 Koreans · Mexico
1506
+19
🇨🇳 Mongols · China
1504
+19
🇧🇷 Khitans · Brazil
1732
-23
🇧🇷 Tatars · Brazil
1681
-21
🇧🇷 Magyars · Brazil
1651
-21
🇧🇷 Persians · Brazil
1256
-6
SimmaHem7912
2:17 Loom
10:12 Feudal Age
15:01 Castle Age
13:13 Double-Bit Axe
13:51 Horse Collar
18:54 Loom
26:28 Wheelbarrow
27:30 Town Watch
28:34 Hand Cart
29:33 Bow Saw
29:27 Gold Mining
30:48 Heavy Plow
35:11 Imperial Age
33:58 Kshatriyas
34:40 Gold Shaft Mining
33:57 Stone Mining
34:36 Scale Barding Armor
34:43 Forging
35:44 Bloodlines
35:37 Husbandry
36:27 Conscription
36:28 Chain Barding Armor
36:09 Padded Archer Armor
36:45 Iron Casting
35:49 Heavy Camel Rider
39:09 Plate Barding Armor
39:47 Fletching
41:42 Hoardings
44:12 Stone Shaft Mining
43:10 Light Cavalry
44:14 Bodkin Arrow
43:58 Hussar
46:37 Caravan
49:58 Ballistics
49:19 Treadmill Crane
50:03 Town Patrol
52:22 Masonry
53:59 Frontier Guards
56:51 Architecture
56:33 Fortified Wall
56:18 Murder Holes
57:31 Thumb Ring
57:44 Leather Archer Armor
57:31 Bracer
58:35 Chemistry
57:49 Fortified Wall
57:34 Murder Holes
60:07 Onager
Morenob
5:05 Loom
10:12 Feudal Age
11:06 Double-Bit Axe
17:57 Castle Age
16:17 Horse Collar
18:57 Bow Saw
20:59 Town Watch
23:34 Wheelbarrow
25:06 Heavy Plow
30:42 Ballistics
30:16 Fletching
33:07 Imperial Age
31:37 Husbandry
31:42 Fletching
32:41 Bodkin Arrow
33:13 Eupseong
34:59 Chemistry
33:41 Treadmill Crane
34:32 Thumb Ring
34:32 Gold Mining
34:33 Stone Mining
35:46 Conscription
35:00 Pikeman
35:44 Squires
35:53 Squires
36:51 Hand Cart
36:18 Elite Fire Lancer
36:59 Scale Mail Armor
37:02 Bracer
37:04 Scale Mail Armor
37:38 Town Patrol
37:50 Forging
38:51 Chain Mail Armor
40:06 Iron Casting
39:46 Elite War Wagon
40:12 Pikeman
41:23 Plate Mail Armor
41:46 Halberdier
42:53 Siege Engineers
42:48 Arrowslits
44:50 Two-Man Saw
49:27 Caravan
49:38 Guilds
49:39 Heavy Rocket Cart
_XD_XiaoXiao
10:38 Feudal Age
11:43 Horse Collar
11:49 Double-Bit Axe
14:45 Castle Age
16:10 Bow Saw
16:36 Heavy Plow
21:10 Wheelbarrow
21:30 Gold Mining
22:40 Stone Mining
22:54 Loom
23:55 Town Watch
26:23 Hand Cart
29:25 Imperial Age
27:12 Fletching
28:06 Husbandry
28:17 Bloodlines
28:03 Bodkin Arrow
28:38 Padded Archer Armor
29:18 Ballistics
30:32 Leather Archer Armor
30:58 Conscription
30:44 Bracer
31:48 Chemistry
31:37 Gold Shaft Mining
32:27 Thumb Ring
34:15 Parthian Tactics
34:26 Coinage
33:22 Elite Mangudai
36:54 Scale Barding Armor
37:00 Forging
36:11 Light Cavalry
38:10 Chain Barding Armor
41:23 Iron Casting
40:10 Hussar
43:49 Blast Furnace
44:07 Drill
46:00 Stone Shaft Mining
45:32 Capped Ram
47:20 Caravan
47:14 Siege Ram
50:13 Masonry
小白
6:45 Loom
9:23 Feudal Age
10:29 Double-Bit Axe
15:05 Wheelbarrow
15:30 Horse Collar
20:37 Castle Age
18:54 Stone Mining
19:38 Scale Barding Armor
19:45 Gold Mining
20:10 Bloodlines
20:46 Gold Mining
21:55 Chain Barding Armor
22:18 Husbandry
31:15 Bow Saw
31:07 Heavy Plow
33:09 Corvinian Army
39:40 Imperial Age
38:00 Gold Shaft Mining
37:59 Hand Cart
41:18 Plate Barding Armor
41:08 Conscription
42:41 Ballistics
42:23 Elite Magyar Huszar
43:25 Caravan
43:59 Fletching
45:11 Chemistry
46:36 Two-Man Saw
47:27 Coinage
47:24 Bodkin Arrow
48:19 Crop Rotation
49:47 Masonry
51:12 Banking
50:55 Murder Holes
51:30 Bracer
51:52 Treadmill Crane
52:52 Hoardings
53:10 Thumb Ring
53:07 Padded Archer Armor
54:08 Recurve Bow
55:01 Leather Archer Armor
55:12 Parthian Tactics
59:53 Ring Archer Armor
60:02 Heavy Cavalry Archer
Fs.Nx Imperial
6:05 Loom
9:15 Feudal Age
9:47 Double-Bit Axe
20:04 Castle Age
18:32 Forging
20:19 Scale Barding Armor
20:20 Light Cavalry
23:09 Iron Casting
23:50 Husbandry
27:54 Fletching
29:18 Wheelbarrow
30:22 Bodkin Arrow
31:44 Chain Barding Armor
35:38 Hand Cart
35:42 Bow Saw
39:17 Imperial Age
38:58 Gold Mining
40:57 Padded Archer Armor
41:21 Ballistics
41:15 Heavy Cavalry Archer
42:22 Parthian Tactics
44:58 Bracer
46:55 Chemistry
47:15 Thumb Ring
49:57 Hussar
55:33 Plate Barding Armor
55:13 Leather Archer Armor
57:39 Ring Archer Armor
58:19 Caravan
FS.Avozinho
11:54 Feudal Age
11:04 Loom
16:17 Castle Age
16:30 Double-Bit Axe
16:30 Horse Collar
18:20 Wheelbarrow
21:11 Bow Saw
25:56 Gold Mining
26:56 Heavy Plow
27:19 Bloodlines
27:09 Husbandry
28:17 Gold Shaft Mining
28:21 Hand Cart
28:35 Scale Barding Armor
32:18 Imperial Age
30:03 Town Watch
30:38 Stone Mining
32:22 Coinage
32:33 Scale Barding Armor
32:39 Forging
32:23 Fletching
32:12 Cavalier
34:24 Chain Barding Armor
34:31 Conscription
33:40 Savar
37:07 Banking
36:37 Caravan
40:15 Heavy Camel Rider
41:18 Caravan
44:02 Hoardings
44:41 Plate Barding Armor
44:42 Iron Casting
44:17 Light Cavalry
45:38 Bodkin Arrow
45:29 Hussar
45:32 Pikeman
46:13 Squires
48:39 Blast Furnace
53:27 Kamandaran
53:39 Citadels
54:05 Halberdier
54:31 Arson
54:32 Gambesons
54:56 Thumb Ring
57:14 Scale Mail Armor
57:24 Crossbowman
58:21 Chain Mail Armor
58:07 Padded Archer Armor
Fs.Black_
10:08 Feudal Age
14:21 Castle Age
12:45 Double-Bit Axe
13:29 Fletching
14:57 Bodkin Arrow
23:00 Wheelbarrow
23:01 Ballistics
23:54 Loom
24:25 Hand Cart
29:55 Bow Saw
30:36 Hand Cart
31:39 Padded Archer Armor
36:49 Imperial Age
34:11 Gold Mining
34:24 Horse Collar
34:31 Town Watch
35:24 Stone Mining
36:39 Leather Archer Armor
37:47 Bracer
38:48 Chemistry
39:00 Ring Archer Armor
38:46 Heavy Cavalry Archer
41:16 Coinage
43:23 Elite Skirmisher
48:12 Bloodlines
48:02 Husbandry
48:09 Scale Barding Armor
48:15 Forging
48:47 Light Cavalry
52:05 Iron Casting
50:56 Hussar
53:12 Chain Barding Armor
57:06 Plate Barding Armor
60:23 Heavy Plow
61:54 Blast Furnace
Fs.Nicolau Mendes
6:19 Loom
8:54 Feudal Age
11:08 Horse Collar
11:14 Double-Bit Axe
19:22 Castle Age
20:30 Bow Saw
20:22 Heavy Plow
20:29 Scale Barding Armor
20:13 Light Cavalry
22:58 Chain Barding Armor
28:55 Wheelbarrow
30:23 Hand Cart
31:04 Town Watch
31:11 Gold Mining
34:16 Imperial Age
32:23 Bloodlines
32:13 Husbandry
33:00 Gold Shaft Mining
34:19 Cavalier
35:36 Plate Barding Armor
35:56 Paladin
39:07 Chemistry
38:52 Conscription
42:48 Fletching
43:20 Ballistics
43:02 Padded Archer Armor
43:28 Town Patrol
44:00 Bodkin Arrow
44:58 Recurve Bow
45:26 Thumb Ring
45:47 Parthian Tactics
44:43 Heavy Cavalry Archer
46:23 Bracer
46:38 Leather Archer Armor
48:45 Ring Archer Armor
48:21 Hussar
49:57 Caravan
51:36 Coinage
57:28 Crop Rotation
Connection lost

Rejoining the realm…

Still unreachable

The connection could not be restored.

Session expired

The server has moved on; the page needs a fresh start.